 Dungeon Crawl Stone Soup version 0.18.1-48-g4cf74bf (webtiles) character file.

1590980 Joat the Merry Centaur (level 27, 188/269 HPs)
             Began as a Centaur Hunter on Aug 14, 2016.
             Was an Initiate of Lugonu.
             Escaped with the Orb
             ... and 3 runes on Aug 15, 2016!
             The game lasted 12:46:02 (81114 turns).

Joat the Merry Centaur (Centaur Hunter)            Turns: 81114, Time: 12:46:02

Health: 188/269    AC: 48    Str: 24    XL:     27
Magic:  7/7        EV: 10    Int: 21    God:    Lugonu [......]
Gold:   5436       SH:  0    Dex: 10    Spells: 0 memorised, 26 levels left

rFire  + + .     SeeInvis +     b - +5 great sword (antimagic)
rCold  + + +     Gourm    .     r - +8 orange crystal plate armour {Archmagi, Int+3 Clar SustAt}
rNeg   + . .     Faith    .     (shield currently unavailable)
rPois  +         Spirit   .     s - +0 helmet "Pucovome" {rC++ Int+2}
rElec  .         Dismiss  .     X - +2 cloak
rCorr  .         Reflect  .     e - +1 pair of gloves
SustAt +         Harm     .     x - +4 centaur barding
MR     ++++.     Clarity  +     J - amulet of Cenaokuf {rF+ Regen+ Str+2}
Stlth  ..........               C - ring "Jagabah" {rPois rN+ EV+4 Int+6 Dex-2}
                                S - ring of Yrghoac {rF+ rC+ MR++ Dex-4 SInv}

@: very quick, incredibly resistant to hostile enchantments, extremely
unstealthy
A: hooves 3, blurry vision 1, deformed body, speed 2, tough skin 3
a: Renounce Religion
0: Orb of Zot
}: 3/15 runes: decaying, silver, gossamer


You escaped.
You worshipped Lugonu.
Lugonu was noncommittal.
You were hungry.

You visited 9 branches of the dungeon, and saw 51 of its levels.
You visited the Abyss 1 time.
You also visited: Sewer and Ice Cave.

You collected 7514 gold pieces.
You spent 2078 gold pieces at shops.

Inventory:

Hand Weapons
 a - a +9 longbow of velocity
 b - a +5 antimagic great sword (weapon)
 G - a +2 triple sword of holy wrath
Missiles
 d - 1168 arrows
Armour
 e - a +1 pair of gloves (worn)
 r - the +8 orange crystal plate armour (worn) {Archmagi, Int+3 Clar SustAt}
   (You bought it in a shop on level 8 of the Dungeon)

   It affects your intelligence (+3).
   It sustains your strength, intelligence and dexterity.
   It protects you against confusion.
 s - the +0 helmet "Pucovome" (worn) {rC++ Int+2}
   (You found it on level 3 of the Elven Halls)

   It affects your intelligence (+2).
   It greatly protects you from cold.
 x - a +4 centaur barding (worn)
 X - a +2 cloak (worn)
Jewellery
 C - the ring "Jagabah" (right hand) {rPois rN+ EV+4 Int+6 Dex-2}
   (You took it off a necromancer on level 12 of the Dungeon)

   [ring of evasion]

   It affects your evasion (+4).
   It affects your intelligence (+6).
   It affects your dexterity (-2).
   It protects you from poison.
   It protects you from negative energy.
 J - the amulet of Cenaokuf (around neck) {rF+ Regen+ Str+2}
   (You found it on level 12 of the Dungeon)

   [amulet of regeneration]

   It affects your strength (+2).
   It protects you from fire.
   It increases your rate of regeneration.
 S - the ring of Yrghoac (left hand) {rF+ rC+ MR++ Dex-4 SInv}
   (You took it off a deep elf elementalist on level 5 of the Vaults)

   [ring of see invisible]

   It affects your dexterity (-4).
   It protects you from fire.
   It protects you from cold.
   It affects your resistance to hostile enchantments.
   It lets you see invisible.
Wands
 h - a wand of teleportation (2/9)
 i - a wand of disintegration (12/24)
 l - a wand of teleportation (5/9)
 q - a wand of heal wounds (8/9)
 H - a wand of digging (22/24)
Scrolls
 g - 6 scrolls of magic mapping
 t - a scroll of holy word
 y - 9 scrolls of teleportation
 D - 9 scrolls of fear
 E - 3 scrolls of recharging
 I - 9 scrolls of enchant armour
 P - 19 scrolls of remove curse
 Q - 8 scrolls of fog
 R - a scroll of silence
 T - 4 scrolls of brand weapon
 W - 2 scrolls of summoning
 Y - 3 scrolls of blinking
 Z - 28 scrolls of identify
Potions
 c - 6 potions of agility
 f - a potion of magic
 j - a potion of resistance
 m - 6 potions of haste
 o - 2 potions of brilliance
 z - 2 potions of flight
 A - 15 potions of curing
 B - a potion of cancellation
 F - 7 potions of berserk rage
 K - 2 potions of invisibility
 L - 4 potions of might
 V - a potion of ambrosia
Miscellaneous
 k - a fan of gales
 p - a box of beasts {used: 1}
 u - an ornate deck of escape {Velocity, drawn: 1}
 v - a legendary deck of summoning {drawn: 2}
 U - a sack of spiders
Comestibles
 n - 32 meat rations
 w - 12 beef jerkies


   Skills:
 + Level 26.0 Fighting
 * Level 17.4 Long Blades
 O Level 27 Bows
 + Level 17.4 Armour
 + Level 15.3 Dodging
 - Level 11.1 Stealth


You had 26 spell levels left.
You didn't know any spells.

Dungeon Overview and Level Annotations

Branches:
Dungeon (15/15)            Temple (0/1) D:7            Lair (8/8) D:9
  Swamp (4/4) Lair:4       Spider (4/4) Lair:3        Slime (0/6) Lair:6
    Orc (2/2) D:10            Elf (3/3) Orc:2        Vaults (5/5) D:14
  Crypt (0/3) Vaults:3     Depths (5/5) D:15            Zot (5/5) Depths:5

Altars:
Cheibriados
Elyvilon
Fedhas
Gozag
Kikubaaqudgha
Makhleb
Nemelex Xobeh
Pakellas
Sif Muna
Trog
Xom
Yredelemnul
Zin
The Shining One
Jiyva

Shops:
D:8 *   D:15 (   Orc:1 =   Orc:2 %(((!   Elf:1 (   Elf:2 :   Elf:3 !
Depths:1 *   Depths:5 ?

Portals:
Hell: Lair:8 Depths:1 Depths:2 Depths:3 Depths:4 Depths:5
Abyss: Depths:1 Depths:4
Pandemonium: Depths:2 Depths:3
Ziggurat: Depths:1
Trove: D:13 (give +7 demon blade)

Annotations:
D:8 exclusion: 3 electric eels
D:10 exclusion: 3 lava snakes
Zot:5 exclusion: upstairs


Innate Abilities, Weirdness & Mutations

You have hooves in place of feet.
Armour fits poorly on your strangely shaped body.
You cover ground very quickly.
You have extremely tough skin (AC +3).
[Scrolls take you a little longer to read.]


Message History

Your rakshasa closely misses the Orb Guardian.
The Orb Guardian hits you!!
An Orb Guardian comes into view.
Your centaur barely misses the Orb Guardian.
The red devil hits you but does no damage.
Your smoke demon hits the Orb Guardian but does no damage.
Your smoke demon barely misses the Orb Guardian.
Your smoke demon misses the Orb Guardian.
The Orb Guardian hits you but does no damage.
Your faun unwields an uncursed quarterstaff.
Your faun wields a hunting sling.
Your faun shoots a sling bullet.
The sling bullet hits the Orb Guardian!!
The sling bullet disappears in a puff of smoke!
Your rakshasa hits the Orb Guardian with an enchanted trident.
The Orb Guardian dies!
Lugonu accepts your kill.
You feel the corruption within you wane somewhat.
You feel a little healthier.
You feel healthier.
You have escaped!

.##.##.....#...### ##.##...##.#
.##..#.#.###...## ##...###.##.#
.###.#.#.###....####.##..##.##.#
.........##...#...#.####.##.##.#
####.#.###..#####..###.........#
#.#.##..## #.#.#...###.####
#.......## ###4c.....###.#
###...#..###R..)##...##..#
######....c@3#####.#####
####..c.# #.# #X#### ##.# #.###
##.## #...# #...# ####### ##..#
##.## ......####### #.## #..#
####........# #.#####.#####
###..#####.###.#...).....#


You could see an Orb Guardian, a red devil, a friendly rakshasa, a friendly
faun, a friendly smoke demon and 2 friendly centaurs.

Vanquished Creatures
  2 orbs of fire
  3 ancient liches
  Mennas (Vaults:4)
  4 juggernauts (Depths:4)
  Norris (Spider:2)
  the Lernaean hydra (Swamp:3)
  A caustic shrike (Depths:4)
  Saint Roka (Vaults:1)
  A caustic shrike (shapeshifter) (Vaults:5)
  2 curse toes
  4 Killer Klowns
  7 golden dragons
  A Tzitzimitl (Zot:4)
  the Enchantress (Depths:4)
  A bone dragon (Depths:5)
  An electric golem (Zot:5)
  Jorgrun (Swamp:3)
  12 tentacled monstrosities
  3 liches
  21 Orb Guardians
  3 deep elf blademasters
  A hellephant (D:2)
  5 titans
  3 quicksilver dragons
  Gastronok (D:8)
  A deep elf master archer (Elf:3)
  4 sphinxes
  Kirke (Swamp:2)
  4 death cobs
  11 shadow dragons
  15 storm dragons
  7 draconian monks
  5 tengu reavers
  10 fire giants
  7 draconian scorchers
  5 deep elf sorcerers
  Aizul (Elf:2)
  3 draconian knights
  4 ghost moths
  9 frost giants
  An orc warlord (Orc:2)
  21 vault wardens
  2 iron dragons (Depths:3)
  4 draconian zealots
  17 ironheart preservers
  7 deep elf elementalists
  2 spriggan defenders (Depths:4)
  6 emperor scorpions
  4 draconian shifters
  3 ghouls
  6 draconian callers
  A vampire knight (Depths:2)
  22 very ugly things
  4 war gargoyles (Vaults:5)
  2 draconian annihilators
  8 deep elf demonologists
  Nessos (Lair:5)
  23 stone giants
  A dire elephant (Lair:8)
  5 black draconians
  3 salamander stormcallers
  16 deep elf annihilators
  6 green draconians
  10 mottled draconians
  7 white draconians
  The ghost of UnlimitedFusion the Warrior, a journeyman MiFi of Okawaru (D:12)
  6 purple draconians
  The ghost of Rationalist the Peltast, a journeyman FoFi of Qazlal (Lair:4)
  12 spark wasps
  8 red draconians
  13 yellow draconians
  The ghost of nikopol the Cleaver, a journeyman MiBe of Trog (Lair:4)
  19 ettins
  10 deep elf death magi
  A green death (Depths:3)
  7 deep elf high priests
  17 fire dragons
  33 vault guards
  The ghost of ThereIsNoGod the Cleaver, a journeyman MiGl of Makhleb (D:11)
  7 great orbs of eyes
  19 yaktaur captains
  The ghost of OTRawrior the Thaumaturge, a journeyman GrEE of Vehumet (Lair:2)
  Fannar (Lair:1)
  Harold (Lair:3)
  8 entropy weavers
  25 ice dragons
  5 rakshasas
  A monstrous demonspawn (Depths:2)
  33 hydras
  A quicksilver dragon skeleton (D:15)
  7 centaur warriors
  A ghost crab (Swamp:4)
  3 spriggan air magi
  A queen ant (Spider:4)
  2 tengu warriors (Depths:5)
  A hell hog (shapeshifter) (Vaults:1)
  A death knight (Vaults:2)
  6 alligators
  12 ogre magi
  24 dancing weapons
  A vampire mage (Depths:5)
  10 death yaks
  16 deep troll earth magi
  A death yak (shapeshifter) (Vaults:5)
  27 deep elf knights
  2 spriggan berserkers
  8 deep troll shamans
  A soul eater (Depths:3)
  A sun demon (Lair:8)
  4 large abominations
  4 iron trolls
  2 fire crabs
  A hell knight (Depths:4)
  2 shadow wraiths
  4 skeletal warriors
  A storm dragon skeleton (Vaults:1)
  The ghost of Galewind the Thaumaturge, a novice DECj of Vehumet (D:10)
  4 giant orange brains
  12 unseen horrors
  2 spriggan druids
  A deep troll (shapeshifter) (Vaults:5)
  A shadow demon (Depths:2)
  15 swamp dragons
  3 flayed ghosts
  35 deep trolls
  2 shambling mangroves
  A lindwurm (Lair:4)
  A tengu zombie (Vaults:2)
  11 deep elf archers
  16 ironbrand convokers
  4 wizards
  A torturous demonspawn (Depths:3)
  13 hill giants
  4 phantasmal warriors
  7 necromancers
  6 griffons
  12 orc knights
  30 orb spiders
  A griffon (shapeshifter) (Depths:4)
  2 orc sorcerers
  33 wolf spiders
  12 hornets
  70 deep elf magi
  The ghost of Joat the Nimble, a novice FeTm of Fedhas (D:8)
  A stone giant zombie (Vaults:2)
  3 cyclopes
  3 manticores
  A fire giant zombie (Vaults:4)
  44 ugly things
  3 sixfirhies
  4 ice statues (IceCv)
  A manticore (shapeshifter) (D:14)
  6 elephants (Lair:6)
  31 moths of wrath
  2 centaur zombies
  A stone giant skeleton (Vaults:4)
  An apocalypse crab (Abyss:5)
  29 vault sentinels
  2 octopodes (shapeshifter)
  Joseph (D:10)
  2 black mambas
  A human skeleton (Vaults:2)
  A water nymph (shapeshifter) (Vaults:5)
  The ghost of Heedrag the Destroyer, a novice DECj of Vehumet (D:7)
  Psyche (D:8)
  3 torpor snails
  25 spiny frogs
  A smoke demon (Depths:3)
  2 gargoyles
  A yaktaur zombie (Vaults:2)
  An efreet (D:15)
  18 komodo dragons
  A rime drake (Lair:7)
  2 kobold demonologists
  2 rime drakes (shapeshifter)
  13 ice devils
  A guardian mummy (D:15)
  3 hellwings
  7 freezing wraiths
  A redback zombie (D:15)
  56 yaktaurs
  A jumping spider (shapeshifter) (Depths:4)
  9 demonic crawlers
  2 red devils (Lair:8)
  7 trolls
  A merfolk (shapeshifter) (Depths:3)
  2 yaktaur skeletons
  A tengu conjurer (D:14)
  A polar bear (Lair:7)
  39 jumping spiders
  A harpy skeleton (D:14)
  A polar bear (shapeshifter) (Vaults:3)
  2 wind drakes (shapeshifter)
  5 giant leeches
  8 bog bodies
  35 two-headed ogres
  33 blink frogs
  A slime creature (shapeshifter) (D:14)
  10 boulder beetles
  43 slime creatures
  An ettin zombie (Vaults:1)
  A spriggan zombie (D:15)
  An ice dragon zombie (D:15)
  2 centaur simulacra (D:14)
  3 vampires
  87 redbacks
  9 air elementals
  7 shadows
  2 wyverns
  A ynoxinul (Depths:2)
  36 tarantellas
  4 wraiths
  8 spriggans
  A yak (shapeshifter) (Vaults:5)
  3 hogs (Swamp:2)
  A water elemental (Elf:2)
  A tarantella (shapeshifter) (Depths:2)
  A deep troll skeleton (D:15)
  A fire bat (shapeshifter) (Vaults:5)
  42 yaks
  A golden eye (shapeshifter) (D:14)
  4 basilisks
  2 fire elementals (Elf:2)
  11 hippogriffs
  2 hungry ghosts
  2 chaos spawn (Depths:4)
  25 vampire mosquitoes
  3 mottled dragons
  6 wargs
  21 soldier ants (Spider:4)
  An elf skeleton (Vaults:1)
  17 swamp worms
  A swamp worm (shapeshifter) (Vaults:3)
  18 insubstantial wisps
  18 water moccasins
  Menkaure (D:4)
  4 small abominations (Depths:4)
  The ghost of Heedrag the Conjurer, an amateur DECj of Vehumet (Sewer)
  Duvessa (D:6)
  2 hell hounds (Lair:8)
  13 porcupines
  15 swamp drakes
  5 sky beasts
  35 orc warriors
  11 wasps
  An eye of draining (shapeshifter) (Vaults:1)
  3 phantoms
  An ice beast (D:15)
  4 boggarts
  3 necrophages
  26 centaurs
  48 ogres
  14 crocodiles
  7 big kobolds
  4 human zombies (Vaults:2)
  2 earth elementals
  19 giant frogs
  4 jellies
  9 scorpions
  2 wyvern skeletons
  9 killer bees
  6 wights
  3 electric eels
  7 howler monkeys
  3 draconian simulacra (IceCv)
  A giant frog zombie (D:13)
  8 crimson imps
  8 hounds
  3 human simulacra
  16 orc priests
  A quasit (Depths:3)
  3 iron imps
  Crazy Yiuf (D:4)
  A giant frog skeleton (D:11)
  Jessica (D:3)
  2 centaur skeletons
  16 orc wizards
  18 iguanas
  40 worker ants
  12 sheep
  A hound zombie (D:7)
  A hound skeleton (D:4)
  A howler monkey zombie (D:5)
  3 worker ant zombies
  5 naga simulacra (IceCv)
  71 river rats
  14 adders
  2 ogre simulacra (IceCv)
  6 shadow imps
  7 oozes
  An adder zombie (D:6)
  2 adder skeletons
  8 worms
  A worm (shapeshifter) (Vaults:5)
  3 dart slugs
  3 giant geckos
  79 orcs
  6 ball pythons
  4 giant cockroaches
  8 goblins
  6 hobgoblins
  11 jackals
  A jackal (shapeshifter) (Vaults:2)
  6 quokkas
  5 bats (D:3)
  3 giant newts
  14 kobolds
  A quokka skeleton (D:5)
  23 rats
  A crawling corpse (Elf:3)
  5 fungi
  5 plants
  2 withered plants
2552 creatures vanquished.

Vanquished Creatures (collateral kills)
  An orb of fire (Zot:4)
  An Orb Guardian (D:1)
  A spriggan defender (Depths:4)
  A spriggan air mage (Depths:5)
  A red devil (D:1)
  2 redbacks (Depths:4)
  A porcupine (Lair:2)
8 creatures vanquished.

Vanquished Creatures (others)
  An ancient lich (Vaults:5)
  A deep elf knight (Elf:1)
  A shadow wraith (Vaults:2)
  A moth of wrath (Zot:5)
  3 yaktaurs (Depths:2)
  A jumping spider (Spider:4)
  2 spriggans (Depths:5)
  2 water elementals (Depths:2)
  An orc warrior (D:9)
  A wasp (Depths:5)
  A killer bee (Abyss:5)
  12 fungi
  9 plants
  A starspawn tentacle (Abyss:5)
  A starspawn tentacle segment (Abyss:5)
  9 withered plants (Swamp:1)
47 creatures vanquished.

Grand Total: 2607 creatures vanquished

Notes
Turn   | Place    | Note
--------------------------------------------------------------
     0 | D:1      | Joat the Centaur Hunter began the quest for the Orb.
     0 | D:1      | Reached XP level 1. HP: 17/17 MP: 1/1
   411 | D:1      | Reached XP level 2. HP: 25/25 MP: 2/2
   916 | D:2      | Reached XP level 3. HP: 17/31 MP: 3/3
  1326 | D:2      | Reached skill level 6 in Bows
  1982 | D:3      | Found a white marble altar of Elyvilon.
  2059 | D:3      | Found a basalt altar of Yredelemnul.
  2187 | D:3      | Reached XP level 4. HP: 38/38 MP: 4/4
  2419 | D:3      | Found a deep blue altar of Sif Muna.
  2497 | D:3      | Noticed Jessica
  2515 | D:3      | Killed Jessica
  3045 | D:4      | Reached skill level 7 in Bows
  3045 | D:4      | Reached XP level 5. HP: 46/46 MP: 5/5
  3056 | D:4      | Found a bloodstained altar of Trog.
  3064 | D:4      | Became a worshipper of Trog the Wrathful
  3069 | D:4      | Reached skill level 1 in Armour
  3266 | D:4      | Reached XP level 6. HP: 50/52 MP: 6/6
  3335 | D:4      | Noticed Crazy Yiuf
  3382 | D:4      | Killed Crazy Yiuf
  3382 | D:4      | Reached skill level 8 in Bows
  3508 | D:4      | Noticed Menkaure
  3518 | D:4      | Killed Menkaure
  3636 | D:4      | Reached XP level 7. HP: 36/60 MP: 7/7
  3656 | D:4      | Found a blossoming altar of Fedhas.
  3751 | D:4      | Found a glowing silver altar of Zin.
  3751 | D:4      | Found a shimmering altar of Xom.
  3751 | D:4      | Noticed an angel
  3993 | D:4      | Reached skill level 9 in Bows
  4050 | D:5      | Entered Level 5 of the Dungeon
  4317 | D:5      | Found a snail-covered altar of Cheibriados.
  4395 | D:5      | Reached skill level 5 in Fighting
  4416 | D:5      | Reached * piety under Trog
  4425 | D:5      | Reached skill level 10 in Bows
  4691 | D:5      | Reached XP level 8. HP: 68/68 MP: 8/8
  4735 | D:5      | Found a glowing drain.
  4749 | Sewer    | Entered a sewer
  4749 | Sewer    | Noticed Heedrag's ghost (amateur DECj)
  4759 | Sewer    | Killed Heedrag's ghost
  5462 | Sewer    | Reached skill level 11 in Bows
  5636 | D:5      | Found an opulent altar of Gozag.
  5637 | D:5      | Found a sparkling altar of Nemelex Xobeh.
  6250 | D:6      | Found a glowing golden altar of the Shining One.
  6294 | D:6      | Reached ** piety under Trog
  6508 | D:6      | Reached skill level 17 in Bows
  6508 | D:6      | Reached XP level 9. HP: 75/75 MP: 9/9
  6777 | D:7      | Noticed Duvessa
  6780 | D:7      | Noticed Dowan
  7252 | D:7      | Noticed Dowan
  7252 | D:7      | Dowan changed into Dowan the worm
  7254 | D:7      | Killed Dowan the worm
  7257 | D:7      | Noticed Heedrag's ghost (novice DECj)
  7267 | D:6      | Killed Duvessa
  7533 | D:7      | Killed Heedrag's ghost
  7533 | D:7      | Reached XP level 10. HP: 80/84 MP: 10/10
  7669 | D:7      | Found a staircase to the Ecumenical Temple.
  8089 | D:8      | Found Ycsozu's General Store.
  8158 | D:8      | Noticed Joat's ghost (novice FeTm)
  8184 | D:8      | Killed Joat's ghost
  8256 | D:8      | Found an oddly glowing altar of Pakellas.
  8269 | D:8      | Noticed Gastronok
  8299 | D:8      | Killed Gastronok
  8299 | D:8      | Reached skill level 18 in Bows
  8299 | D:8      | Reached skill level 5 in Armour
  8499 | D:8      | Noticed Psyche
  8511 | D:8      | Killed Psyche
  8543 | D:8      | Reached *** piety under Trog
  9470 | D:9      | Reached XP level 11. HP: 81/92 MP: 11/11
  9754 | D:9      | Received a gift from Trog
 10079 | D:9      | Found a staircase to the Lair.
 10511 | Lair:1   | Entered Level 1 of the Lair of Beasts
 10789 | Lair:1   | Noticed a four-headed hydra
 10801 | Lair:1   | Killed a four-headed hydra
 11123 | Lair:1   | Reached skill level 19 in Bows
 11774 | Lair:1   | Noticed Fannar
 11801 | Lair:1   | Killed Fannar
 12483 | Lair:2   | Identified 2 scrolls of acquirement
 12567 | Lair:2   | Noticed a five-headed hydra
 12672 | Lair:2   | Killed a five-headed hydra
 13276 | Lair:2   | Reached XP level 12. HP: 96/105 MP: 12/12
 13338 | Lair:2   | Received a gift from Trog
 13679 | Lair:2   | Noticed OTRawrior's ghost (journeyman GrEE)
 13714 | Lair:2   | Killed OTRawrior's ghost
 14476 | Lair:3   | Reached skill level 10 in Fighting
 14490 | Lair:3   | Noticed Harold
 14540 | Lair:3   | Killed Harold
 14540 | Lair:3   | Reached skill level 20 in Bows
 14877 | Lair:3   | Reached **** piety under Trog
 15114 | Lair:3   | Found a hole to the Spider Nest.
 15314 | Lair:3   | Noticed a four-headed hydra
 15321 | Lair:3   | Killed a four-headed hydra
 15521 | Lair:4   | Found a frozen archway.
 15538 | IceCv    | Entered an ice cave
 17484 | IceCv    | Got an ichor-stained chain mail
 17491 | IceCv    | Identified the +6 chain mail of Makhleb {Regen+} (You found it in an ice cave)
 17588 | Lair:4   | Noticed nikopol's ghost (journeyman MiBe)
 17617 | Lair:4   | Noticed Rationalist's ghost (journeyman FoFi)
 17847 | Lair:4   | Killed Rationalist's ghost
 17847 | Lair:4   | Reached XP level 13. HP: 116/116 MP: 13/13
 18394 | Lair:4   | Killed nikopol's ghost
 18854 | Lair:4   | Found a staircase to the Swamp.
 18957 | Lair:4   | Reached ***** piety under Trog
 19549 | Lair:5   | Reached skill level 21 in Bows
 19769 | Lair:5   | Noticed Nessos
 19797 | Lair:5   | Killed Nessos
 20046 | Lair:5   | Received a gift from Trog
 20567 | Lair:6   | Found a staircase to the Slime Pits.
 20567 | Lair:6   | Found a viscous altar of Jiyva.
 20921 | Lair:6   | Got a pair of polished gloves
 20932 | Lair:6   | Identified the +1 pair of gloves of Juaqul {MR- Str+8 Int+7} (You found it on level 6 of the Lair of Beasts)
 20985 | Lair:6   | Reached XP level 14. HP: 127/127 MP: 14/14
 21915 | Lair:7   | Received a gift from Trog
 22952 | Lair:8   | Entered Level 8 of the Lair of Beasts
 23060 | Lair:8   | Reached skill level 5 in Dodging
 23634 | Lair:8   | Received a gift from Trog
 23732 | Lair:8   | Found a burning altar of Makhleb.
 24016 | Lair:8   | Found a gateway to Hell.
 24047 | Lair:8   | Reached skill level 1 in Stealth
 24765 | D:10     | Entered Level 10 of the Dungeon
 24765 | D:10     | Noticed Galewind's ghost (novice DECj)
 24769 | D:10     | Killed Galewind's ghost
 24796 | D:10     | Noticed Joseph
 24802 | D:10     | Killed Joseph
 24980 | D:10     | Found a staircase to the Orcish Mines.
 25707 | D:10     | Reached skill level 5 in Stealth
 25935 | Orc:1    | Entered Level 1 of the Orcish Mines
 26089 | Orc:2    | Entered Level 2 of the Orcish Mines
 26107 | Orc:1    | Found Pahats's Jewellery Shoppe.
 26115 | Orc:1    | Received a gift from Trog
 26120 | Orc:1    | Noticed an orc warlord
 26123 | Orc:1    | Reached XP level 15. HP: 125/138 MP: 15/15
 26132 | Orc:2    | Found Bigilich's Food Emporium.
 26170 | Orc:2    | Killed an orc warlord
 26602 | Orc:2    | Received a gift from Trog
 26901 | Orc:2    | Found Cutt's Antique Weapon Shop.
 26901 | Orc:2    | Found Bumoy's Weapon Emporium.
 26903 | Orc:2    | Found Kuiny's Distillery.
 26903 | Orc:2    | Found Ciggaome's Weapon Shop.
 27098 | Orc:2    | Found a staircase to the Elven Halls.
 27354 | Orc:2    | Bought a runed shortbow for 93 gold pieces
 27827 | D:11     | Got an ancient ivory ring
 27829 | D:11     | Identified the ring "Darink" {*Confuse rPois Str+4 Dex+4 Stlth+} (You found it on level 11 of the Dungeon)
 28377 | D:11     | Noticed ThereIsNoGod's ghost (journeyman MiGl)
 28400 | D:11     | Killed ThereIsNoGod's ghost
 28487 | D:11     | Received a gift from Trog
 28558 | D:12     | Got a heavily runed brass ring
 28573 | D:12     | Got a scintillating tin amulet
 28576 | D:12     | Identified the amulet of Cenaokuf {rF+ Regen+ Str+2} (You found it on level 12 of the Dungeon)
 28578 | D:12     | Identified the ring "Jagabah" {rPois rN+ EV+4 Int+6 Dex-2} (You took it off a necromancer on level 12 of the Dungeon)
 28809 | D:12     | Noticed UnlimitedFusion's ghost (journeyman MiFi)
 28950 | D:12     | Killed UnlimitedFusion's ghost
 28950 | D:12     | Reached skill level 10 in Stealth
 30356 | D:13     | Found a portal to a secret trove of treasure.
 30444 | D:14     | Found a gate to the Vaults.
 30977 | D:14     | Reached skill level 22 in Bows
 31071 | D:14     | Received a gift from Trog
 31157 | D:14     | Reached ****** piety under Trog
 32016 | D:15     | Entered Level 15 of the Dungeon
 32066 | D:15     | Reached XP level 16. HP: 133/147 MP: 16/16
 32071 | D:15     | Received a gift from Trog
 32085 | D:15     | Found a staircase to the Depths.
 32528 | D:15     | Found Mol Vief's Weapon Shoppe.
 32629 | D:15     | Received a gift from Trog
 33474 | Spider:1 | Entered Level 1 of the Spider Nest
 33728 | Spider:1 | Reached skill level 15 in Fighting
 33812 | Spider:1 | Received a gift from Trog
 33815 | Spider:1 | Reached skill level 10 in Armour
 35031 | Spider:2 | Reached skill level 23 in Bows
 35710 | Spider:2 | Received a gift from Trog
 36407 | Spider:3 | Noticed Norris
 37093 | Spider:2 | Paralysed by Norris for 5 turns
 37112 | Spider:2 | Paralysed by something for 7 turns
 37120 | Spider:2 | HP: 5/149 [something (3)]
 37379 | Swamp:1  | Entered Level 1 of the Swamp
 37690 | Elf:1    | Entered Level 1 of the Elven Halls
 37938 | D:8      | Bought the +8 orange crystal plate armour {Archmagi, Int+3 Clar SustAt} for 1779 gold pieces
 38125 | Elf:1    | Reached XP level 17. HP: 156/156 MP: 17/17
 38401 | Elf:1    | Received a gift from Trog
 38504 | Elf:1    | Received a gift from Trog
 38719 | Elf:1    | Identified the Compendium of Calling
 39006 | Elf:1    | Got a brightly glowing war axe
 39007 | Elf:1    | Identified the +7 war axe of Due Proportion {venom, rN++} (You found it on level 1 of the Elven Halls)
 39073 | Elf:1    | Received a gift from Trog
 39256 | Elf:1    | Found Keblaid's Weapon Boutique.
 39585 | Elf:2    | Found Vasi's One-of-a-Kind Books.
 39606 | Elf:2    | Noticed Aizul
 39616 | Elf:2    | Killed Aizul
 39709 | Elf:2    | Found a runed gate.
 39714 | Elf:2    | Found a runed gate.
 39715 | Elf:2    | Found a runed gate.
 40326 | Elf:2    | Noticed a deep elf blademaster
 40335 | Elf:2    | Killed a deep elf blademaster
 40359 | Elf:2    | Reached skill level 24 in Bows
 40368 | Elf:2    | Received a gift from Trog
 40697 | Elf:2    | Reached XP level 18. HP: 135/169 MP: 18/18
 40841 | Elf:3    | Entered Level 3 of the Elven Halls
 41294 | Elf:3    | Found Genicy's Distillery.
 41303 | Elf:3    | Bought a potion of curing for 51 gold pieces
 41650 | Elf:3    | Received a gift from Trog
 41812 | Elf:3    | Noticed a Tzitzimitl
 41822 | Elf:3    | Received a gift from Trog
 42068 | Elf:3    | Received a gift from Trog
 42163 | Elf:3    | Got a scintillating jade amulet
 42384 | Elf:3    | Identified the amulet "Vulaunweze" {Gourm *Drain MR+ Str+4 Int+2} (You took it off a deep elf blademaster on level 3 of the Elven Halls)
 42482 | Elf:3    | Got a slimy helmet
 42493 | Elf:3    | Identified the +0 helmet "Pucovome" {rC++ Int+2} (You found it on level 3 of the Elven Halls)
 42520 | Elf:3    | Received a gift from Trog
 42534 | Elf:3    | Got a shimmering hand crossbow
 42536 | Elf:3    | Identified the +2 hand crossbow "Oluhijua" {venom, Dex+3} (You found it on level 3 of the Elven Halls)
 43090 | Spider:2 | Killed Norris
 43200 | Spider:2 | Reached skill level 25 in Bows
 43503 | Spider:3 | Received a gift from Trog
 43933 | Spider:4 | Entered Level 4 of the Spider Nest
 43959 | Spider:4 | Reached XP level 19. HP: 128/179 MP: 19/19
 44398 | Spider:4 | Received a gift from Trog
 44541 | Spider:4 | Received a gift from Trog
 44988 | Spider:4 | Received a gift from Trog
 45221 | Spider:4 | Received a gift from Trog
 45934 | Spider:4 | Got a gossamer rune of Zot
 46310 | Lair:1   | Received a gift from Trog
 46513 | Vaults:1 | Entered Level 1 of the Vaults
 46694 | Vaults:1 | Got an ancient scale mail
 46705 | Vaults:1 | Identified the +5 scale mail of Losohasuj {Dex+4 Stlth+} (You found it on level 1 of the Vaults)
 47205 | Vaults:1 | Reached skill level 26 in Bows
 47276 | Vaults:1 | Received a gift from Trog
 47671 | Vaults:1 | Noticed Saint Roka
 47695 | Vaults:1 | Killed Saint Roka
 47695 | Vaults:1 | Reached XP level 20. HP: 154/189 MP: 20/20
 47871 | Vaults:1 | Received a gift from Trog
 48238 | Vaults:1 | Reached skill level 27 in Bows
 48696 | Vaults:1 | Received a gift from Trog
 49108 | Vaults:2 | Received a gift from Trog
 50698 | Vaults:3 | Found a staircase to the Crypt.
 50698 | Vaults:3 | Found an ancient bone altar of Kikubaaqudgha.
 50699 | Vaults:3 | Found a basalt altar of Yredelemnul.
 51244 | Vaults:3 | Received a gift from Trog
 51478 | Vaults:3 | Received a gift from Trog
 51478 | Vaults:3 | Reached XP level 21. HP: 189/200 MP: 21/21
 52096 | Vaults:4 | Reached skill level 10 in Dodging
 52447 | Vaults:4 | Received a gift from Trog
 52564 | Vaults:4 | Got a warped plate armour
 52575 | Vaults:4 | Identified the +2 plate armour of the First Seas {rPois rCorr Dex-4} (You found it on level 4 of the Vaults)
 52617 | Vaults:4 | Noticed Mennas
 52768 | Vaults:4 | Killed Mennas
 52846 | Vaults:4 | Received a gift from Trog
 53122 | Vaults:4 | Received a gift from Trog
 53358 | Vaults:4 | Received a gift from Trog
 54584 | Swamp:1  | Got an iridescent battleaxe
 54585 | Swamp:1  | Identified the cursed +1 battleaxe of Midsummer {drain, *Corrode +Rage +Inv Dex+3} (You found it on level 1 of the Swamp)
 54642 | Swamp:1  | Received a gift from Trog
 55440 | Swamp:2  | Noticed Kirke
 55464 | Swamp:2  | Killed Kirke
 56425 | Swamp:3  | Received a gift from Trog
 56584 | Swamp:3  | Noticed Jorgrun
 56599 | Swamp:3  | Killed Jorgrun
 57103 | Swamp:4  | Entered Level 4 of the Swamp
 57130 | Swamp:4  | Reached XP level 22. HP: 213/213 MP: 22/22
 57672 | Swamp:4  | Noticed the 27-headed Lernaean hydra
 57722 | Swamp:3  | Killed the 27-headed Lernaean hydra
 57953 | Swamp:4  | Received a gift from Trog
 58022 | Swamp:4  | Got a decaying rune of Zot
 58447 | Depths:1 | Entered Level 1 of the Depths
 58475 | Depths:1 | Received a gift from Trog
 58637 | Depths:1 | Received a gift from Trog
 58681 | Depths:1 | Found a one-way gate to the infinite horrors of the Abyss.
 58713 | Depths:1 | Found a gateway to a ziggurat.
 59512 | Depths:1 | Received a gift from Trog
 59602 | Depths:1 | Found Ozaywkek's Assorted Antiques.
 60123 | Depths:2 | Paralysed by something for 6 turns
 60153 | Depths:2 | Paralysed by something for 5 turns
 60616 | Depths:2 | Got a clouded ivory ring
 60637 | Depths:2 | Identified the ring of Disaster {Fire Fragile MP+9 Str+4 Dex+4 Slay+3} (You found it on level 2 of the Depths)
 60652 | Depths:2 | You are sucked into a shaft for 2 floors!
 60832 | Depths:2 | Received a gift from Trog
 60863 | Depths:2 | Found a one-way gate leading to the halls of Pandemonium.
 61690 | Depths:3 | Reached XP level 23. HP: 216/224 MP: 23/23
 61707 | Depths:3 | Received a gift from Trog
 62734 | Depths:4 | Reached skill level 15 in Armour
 63530 | Depths:4 | Received a gift from Trog
 63555 | Depths:4 | Noticed a juggernaut
 63606 | Depths:4 | Killed a juggernaut
 63645 | Depths:4 | Noticed a juggernaut
 63652 | Depths:4 | Killed a juggernaut
 63689 | Depths:4 | Noticed a juggernaut
 63691 | Depths:4 | Noticed a juggernaut
 63697 | Depths:4 | Killed a juggernaut
 63707 | Depths:4 | Killed a juggernaut
 63749 | Depths:4 | Noticed a caustic shrike
 63756 | Depths:4 | Killed a caustic shrike
 63760 | Depths:4 | Received a gift from Trog
 63918 | Depths:4 | Got a pitted shortbow {god gift}
 63920 | Depths:4 | Identified the +5 shortbow of the Eleven Lies {speed, rF+++ MR- Str-2 Dex+9} (Trog gifted it to you on level 4 of the Depths)
 63938 | Depths:4 | Got a crude jade ring
 63941 | Depths:4 | Identified the ring "Bustun" {Wiz rF+ Dex+6} (You found it on level 4 of the Depths)
 64085 | Depths:5 | Entered Level 5 of the Depths
 64641 | Depths:5 | Noticed the Enchantress
 65197 | Depths:4 | Killed the Enchantress
 65203 | Depths:4 | Got a faerie dragon armour
 65216 | Depths:4 | Identified the +6 faerie dragon armour {rPois Str+3} (You took it off the Enchantress on level 4 of the Depths)
 65359 | Depths:5 | Found Coqasoimo's Magic Scroll Boutique.
 65367 | Depths:5 | Bought a scroll of recharging for 95 gold pieces
 65367 | Depths:5 | Bought a scroll of teleportation for 30 gold pieces
 65367 | Depths:5 | Bought a scroll of teleportation for 30 gold pieces
 65578 | Depths:5 | Found a gate to the Realm of Zot.
 65645 | Depths:5 | Reached XP level 24. HP: 237/237 MP: 23/23
 66005 | Depths:5 | Received a gift from Trog
 66868 | Vaults:5 | Entered Level 5 of the Vaults
 67098 | Vaults:5 | Noticed an ancient lich
 67121 | Vaults:5 | Killed an ancient lich
 67164 | Vaults:5 | Got a bloodstained leather armour
 67253 | Vaults:5 | Received a gift from Trog
 67441 | Vaults:5 | Identified the cursed +0 leather armour "Lomoreoc" {*Contam rPois rC+ Int+2} (You found it on level 5 of the Vaults)
 67650 | Vaults:5 | Received a gift from Trog
 68033 | Vaults:5 | Got a flickering marble ring
 68147 | Vaults:5 | Got a clouded steel ring
 68164 | Vaults:5 | Identified the ring "Lahawked" {rC+ Int+5} (You took it off a yaktaur on level 5 of the Vaults)
 68166 | Vaults:5 | Identified the ring of Yrghoac {rF+ rC+ MR++ Dex-4 SInv} (You took it off a deep elf elementalist on level 5 of the Vaults)
 68329 | Vaults:5 | Received a gift from Trog
 68634 | Vaults:5 | Received a gift from Trog
 68752 | Vaults:5 | Reached XP level 25. HP: 249/249 MP: 23/23
 68781 | Vaults:5 | Reached skill level 1 in Long Blades
 69090 | Vaults:5 | Reached skill level 5 in Long Blades
 69654 | Vaults:5 | Received a gift from Trog
 69690 | Vaults:5 | Noticed an ancient lich
 69697 | Vaults:5 | Killed an ancient lich
 69697 | Vaults:5 | Reached skill level 10 in Long Blades
 69740 | Vaults:5 | Got a silver rune of Zot
 70407 | Zot:1    | Entered Level 1 of the Realm of Zot
 70511 | Zot:1    | Received a gift from Trog
 71224 | Zot:1    | Received a gift from Trog
 71727 | Zot:1    | Received a gift from Trog
 73081 | Zot:3    | Reached XP level 26. HP: 185/258 MP: 23/23
 73235 | Zot:3    | Received a gift from Trog
 73665 | Depths:5 | Reached skill level 15 in Long Blades
 74191 | Zot:3    | Noticed an orb of fire
 74198 | Zot:3    | Gained mutation: You tend to lose your temper in combat. [an orb of fire]
 74201 | Zot:3    | Killed an orb of fire
 74812 | Zot:4    | Received a gift from Trog
 75345 | Zot:4    | Got a scorched ring mail
 75356 | Zot:4    | Identified the +1 ring mail of Yxkacum {rElec rF+ Dex-3} (You found it on level 4 of the Realm of Zot)
 75820 | Zot:5    | Entered Level 5 of the Realm of Zot
 76499 | Zot:5    | Noticed an ancient lich
 76732 | Zot:4    | Killed an ancient lich
 78470 | Zot:5    | Noticed an ancient lich
 78737 | Zot:4    | HP: 12/260 [Tzitzimitl[the power of Zot] (4)]
 79001 | Zot:4    | Reached XP level 27. HP: 255/268 MP: 23/23
 79230 | Zot:5    | Killed an ancient lich
 79258 | Zot:5    | Noticed an orb of fire
 79262 | Zot:5    | Noticed an orb of fire
 79265 | Zot:5    | Gained mutation: You are clumsy. (Dex -2) [an orb of fire]
 79274 | Zot:5    | Gained mutation: You are very clumsy. (Dex -4) [an orb of fire]
 79289 | Zot:5    | Gained mutation: Your magical capacity is low (-10% MP). [an orb of fire]
 79297 | Zot:4    | Gained mutation: You are weak. (Str -2) [an orb of fire]
 79306 | Zot:4    | Gained mutation: You expend magic power (3 MP) to strengthen your wands. [an orb of fire]
 79307 | Zot:4    | Killed an orb of fire
 79307 | Zot:4    | Reached skill level 15 in Dodging
 79489 | Zot:4    | Gained mutation: You occasionally shout uncontrollably at your foes. [an orb of fire]
 79496 | Zot:4    | Gained mutation: You are partially covered in thin metallic scales (AC +2). [an orb of fire]
 79498 | Zot:4    | Gained mutation: You are frail (-10% HP). [an orb of fire]
 79503 | Zot:4    | Gained mutation: You regenerate slowly when monsters are visible. [an orb of fire]
 79515 | Zot:4    | Lost mutation: You are frail (-10% HP). [an orb of fire]
 79516 | Zot:4    | Killed an orb of fire
 79529 | Zot:4    | Received a gift from Trog
 80337 | Zot:5    | Received a gift from Trog
 80435 | Zot:5    | Lost mutation: Your magical capacity is low (-10% MP). [potion of cure mutation]
 80435 | Zot:5    | Lost mutation: You are very clumsy. (Dex -4) [potion of cure mutation]
 80435 | Zot:5    | Lost mutation: You occasionally shout uncontrollably at your foes. [potion of cure mutation]
 80435 | Zot:5    | Lost mutation: You are weak. (Str -2) [potion of cure mutation]
 80435 | Zot:5    | Lost mutation: You tend to lose your temper in combat. [potion of cure mutation]
 80436 | Zot:5    | Lost mutation: You expend magic power (3 MP) to strengthen your wands. [potion of cure mutation]
 80436 | Zot:5    | Lost mutation: You are partially covered in thin metallic scales (AC +2). [potion of cure mutation]
 80436 | Zot:5    | Lost mutation: You are clumsy. (Dex -2) [potion of cure mutation]
 80442 | Zot:5    | Got the Orb of Zot
 80469 | Zot:5    | Cast into level 5 of the Abyss (a Zot trap)
 80469 | Abyss:5  | Entered Level 5 of the Abyss
 80561 | Abyss:5  | Found a corrupted altar of Lugonu.
 80564 | Abyss:5  | Fell from the grace of Trog
 80564 | Abyss:5  | Became a worshipper of Lugonu the Unformed
 80564 | Abyss:5  | Reached * piety under Lugonu
 80565 | Zot:5    | Escaped the Abyss
 80746 | Depths:1 | Lost mutation: You regenerate slowly when monsters are visible. [potion of cure mutation]
 80857 | D:12     | Noticed Wumow the pandemonium lord
 81114 | D:$      | Escaped with the Orb!

Skill      XL: |  1  2  3  4  5  6  7  8  9 10 11 12 13 14 15 16 17 18 19 20 21 22 23 24 25 26 27 |
---------------+----------------------------------------------------------------------------------+-----
Fighting       | 3 4 5 6 7 9 11 12 14 15 17 18 19 21 22 23 25 26 | 26.0
Bows           | 6 7 8 10 17 18 19 20 21 22 23 24 25 26 27 | 27.0
Armour         | 1 2 4 5 6 7 8 9 10 11 12 13 14 15 16 17 | 17.4
Dodging        | 2 4 5 6 7 8 9 10 11 12 13 14 15 | 15.3
Stealth        | 5 11 | 11.1
Long Blades    | 14 16 17 | 17.4

Action                   |  1- 3 |  4- 6 |  7- 9 | 10-12 | 13-15 | 16-18 | 19-21 | 22-24 | 25-27 || total
-------------------------+-------+-------+-------+-------+-------+-------+-------+-------+-------++-------
Melee: Great sword       |       |       |    14 |       |       |       |       |       |   260 ||   274
       Kick              |       |       |     1 |    12 |    52 |    31 |    77 |    16 |   117 ||   306
       Unarmed           |       |       |    13 |       |       |       |       |       |       ||    13
       Quarterstaff      |       |       |     6 |    39 |    21 |       |       |       |       ||    66
       Shortbow          |       |       |       |     1 |       |       |       |       |       ||     1
       Demon trident     |       |       |       |       |    27 |       |       |       |       ||    27
       Longbow           |       |       |       |       |     6 |     1 |     5 |       |     1 ||    13
       Rapier            |       |       |       |       |    70 |    23 |       |       |       ||    93
       War axe           |       |       |       |       |       |    27 |    85 |       |       ||   112
       Halberd           |       |       |       |       |       |       |    56 |    71 |       ||   127
       Triple sword      |       |       |       |       |       |       |       |       |   167 ||   167
 Fire: Shortbow          |   109 |   125 |   382 |  1226 |   374 |       |       |   278 |       ||  2494
       Longbow           |       |       |       |       |  1381 |  1504 |  2252 |  1833 |  1228 ||  8198
Invok: Berserk           |       |       |     2 |     3 |     2 |       |     1 |     5 |     3 ||    16
       Burn Spellbooks   |       |       |     1 |     4 |     2 |     4 |     2 |     5 |     3 ||    21
       Trog's Hand       |       |       |     1 |     2 |     1 |       |       |     6 |     4 ||    14
       Brothers in Arms  |       |       |       |       |       |       |       |     6 |     3 ||     9
       Depart the Abyss  |       |       |       |       |       |       |       |       |     1 ||     1
Evoke: Wand              |       |       |       |       |     1 |     4 |       |       |    11 ||    16
       Phantom mirror    |       |       |       |       |     1 |       |       |       |       ||     1
       Sack of spiders   |       |       |       |       |       |     3 |       |     1 |       ||     4
       Deck              |       |       |       |       |       |       |     1 |       |     2 ||     3
       Lamp of fire      |       |       |       |       |       |       |       |     1 |       ||     1
       Box of beasts     |       |       |       |       |       |       |       |       |     1 ||     1
  Use: Scroll            |       |     2 |    18 |    15 |    11 |    14 |     9 |     8 |    13 ||    90
       Potion            |       |       |     3 |     3 |     7 |     4 |     3 |    16 |    12 ||    48
 Stab: Paralysed         |       |       |       |     2 |       |       |       |       |       ||     2
  Eat: Chunk             |     2 |     4 |     7 |    22 |    33 |    24 |    32 |    20 |    17 ||   161
       Bread ration      |       |       |     1 |     1 |       |       |       |     3 |     3 ||     8
       Beef jerky        |       |       |       |     1 |       |     2 |       |       |     1 ||     4
       Pizza             |       |       |       |       |     1 |       |       |     2 |       ||     3
       Fruit             |       |       |       |       |       |     2 |       |       |       ||     2
       Royal jelly       |       |       |       |       |       |     1 |       |       |     1 ||     2
Armor: Scale mail        |    11 |    24 |    26 |       |       |       |       |       |       ||    61
       Plate armour      |       |       |    78 |   100 |       |       |       |       |       ||   178
       Skin              |       |       |     1 |    36 |       |       |       |       |       ||    37
       Chain mail        |       |       |       |    13 |   408 |   305 |       |       |       ||   726
       Crystal plate arm |       |       |       |       |       |   269 |   832 |   826 |   902 ||  2829
Dodge: Dodged            |    15 |    16 |    51 |    67 |   169 |   212 |   351 |   370 |   357 ||  1608
Block: Other             |       |       |       |    57 |    67 |       |       |       |       ||   124
       Reflection        |       |       |       |     3 |     5 |       |       |       |       ||     8
